 Dungeon Crawl Stone Soup version 0.29.1-2-gbd0b4ee654 (console) character file.

Game seed: 2361079611937224178

689 om the Cudgeller (level 7, 0/70 HPs)
             Began as a Troll Berserker on Oct 28, 2022.
             Was a Priest of Trog.
             Slain by a gnoll
             ... wielding a +0 spear
             ... led by a gnoll sergeant
              (1 damage)
             ... on level 4 of the Dungeon.
             The game lasted 00:07:04 (3161 turns).

om the Cudgeller (Troll Berserker)                  Turns: 3161, Time: 00:07:06

Health: 0/70       AC:  5    Str: 28    XL:     7   Next: 36%
Magic:  6/6        EV: 10    Int:  3    God:    Trog [***...]
Gold:   146        SH:  0    Dex:  9    Spells: 6/6 levels left

rFire   . . .      SeeInvis .   a - +0 mace
rCold   . . .      Faith    .   (no shield)
rNeg    . . .      Spirit   .   b - +1 animal skin
rPois   .          Reflect  .   (helmet restricted)
rElec   .          Harm     .   (no cloak)
rCorr   .          Rampage  .   (gloves unavailable)
Will    .....                   (boots unavailable)
Stlth   +.........              (no amulet)
HPRegen 1.01/turn               (no ring)
MPRegen 0.10/turn               (no ring)

@: brilliant, lethally poisoned (0 -> 0), on berserk cooldown, attractive,
slowed, very slow
A: large, unfitting armour, claws 3, regeneration 1, shaggy fur 1, tough skin 1
a: Renounce Religion, Berserk, Trog's Hand


You were on level 4 of the Dungeon.
You worshipped Trog.
Trog was most pleased with you.
You visited 1 branch of the dungeon, and saw 4 of its levels.

You collected 146 gold pieces.

Inventory:

Hand Weapons
 a - a +0 mace (weapon)
Missiles
 c - 8 poisoned darts (quivered)
Armour
 b - a +1 animal skin (worn)
Wands
 i - a wand of flame (25)
 n - a wand of polymorph (10)
Scrolls
 d - 2 scrolls of teleportation
 h - 2 scrolls of blinking
 m - a scroll of vulnerability {unknown}
Potions
 f - a potion of brilliance
 g - a potion of curing {unknown}
 j - a potion of might {unknown}
 k - a potion of magic {unknown}
 l - a potion of berserk rage {unknown}


   Skills:
 - Level 4.0 Fighting
 * Level 6.8 Maces & Flails
 - Level 3.0 Dodging


You had 6 spell levels left.
You didn't know any spells.
Your spell library was empty.

Dungeon Overview and Level Annotations

Branches:
Dungeon (4/15)
 Temple: D:4-7

Altars:
Ru


Innate Abilities, Weirdness & Mutations

You are too large for most types of armour.
You have claws for hands.
Your natural rate of healing is unusually fast.
You are covered in fur. (AC +1)
You have tough skin. (AC +1)


Message History

* * * LOW HITPOINT WARNING * * *
The gnoll completely misses you. The gnoll barely misses you.
You hit the gnoll sergeant but do no damage.
The gnoll sergeant is almost dead.
The gnoll hits you with a +0 spear.
* * * LOW HITPOINT WARNING * * *
The gnoll sergeant barely misses you. The gnoll misses you.
You thump the gnoll sergeant!
You kill the gnoll sergeant!
Trog accepts your kill.
You are no longer berserk.
You are exhausted.
You feel yourself slow down.
Unknown command.
The gnoll attacks as you move away! The gnoll hits you but does no damage.
The gnoll attacks as you move away! The gnoll hits you with a +0 spear.
* * * LOW HITPOINT WARNING * * *
The gnoll hits you but does no damage. The scorpion stings you.
* * * LOW HITPOINT WARNING * * *
You are poisoned.
The scorpion poisons you!
The gnoll hits you from afar with a +0 spear.
* * * LOW HITPOINT WARNING * * *
You see here a +0 whip.
It was a potion of attraction.
You feel attractive to monsters.
You feel very sick. The scorpion closely misses you.
The gnoll hits you from afar with a +0 spear.
* * * LOW HITPOINT WARNING * * *
The scorpion stings you.
* * * LOW HITPOINT WARNING * * *
It was a potion of brilliance.
You feel clever all of a sudden.
* * * LOW HITPOINT WARNING * * *
You feel very sick. The gnoll misses you.
The scorpion stings you but does no damage.
The gnoll hits you from afar with a +0 spear.
You die...

#..#>.#
#..#..# #
#..... #.
.....###
#.##......
#.#.<..#
#.gg..#
#s#.#
#@#.# ##.#
#.#.# #...
##.#.#
#..#
#....#
#..#
#.#.##
#..# #.#.#
#..# #.#.#
#..# #.#.#
#..###.#.#


You could see a scorpion and 2 gnolls.

Vanquished Creatures
  Sigmund (D:2)
  A gnoll sergeant (D:4)
  A scorpion (D:4)
  The ghost of om the Cudgeller, a weakling TrBe of Trog (D:3)
  A hound (D:4)
  A jelly (D:4)
  Jessica (D:2)
  An iguana (D:4)
  Terence (D:3)
  Robin (D:4)
  2 gnolls (D:4)
  7 adders
  2 worms
  3 dart slugs
  6 orcs
  8 ball pythons
  8 bats
  9 endoplasms
  6 giant cockroaches
  18 goblins
  10 hobgoblins
  2 jackals (D:4)
  2 quokkas
  6 frilled lizards
  10 kobolds
  8 rats
117 creatures vanquished.

Notes
Turn   | Place    | Note
-------+----------+-------------------------------------------
     0 | D:1      | om the Troll Berserker began the quest for the Orb.
     0 | D:1      | Reached XP level 1. HP: 22/22 MP: 0/0
    85 | D:1      | Found a large runed translucent door.
    85 | D:1      | Found a large runed translucent door.
   175 | D:1      | Reached skill level 3 in Maces & Flails
   189 | D:1      | Reached XP level 2. HP: 27/29 MP: 1/1
   919 | D:1      | Reached ** piety under Trog
   921 | D:1      | Reached XP level 3. HP: 36/36 MP: 2/2
  1038 | D:2      | Noticed Sigmund
  1050 | D:2      | Killed Sigmund
  1051 | D:2      | Reached skill level 5 in Maces & Flails
  1051 | D:2      | Reached XP level 4. HP: 43/45 MP: 3/3
  1051 | D:2      | Reached XP level 5. HP: 50/53 MP: 4/4
  1174 | D:2      | Found a sacrificial altar of Ru.
  1506 | D:2      | Found a faded altar of an unknown god.
  1511 | D:2      | Noticed Jessica
  1515 | D:2      | Killed Jessica
  1516 | D:2      | Reached XP level 6. HP: 59/61 MP: 5/5
  2138 | D:3      | Noticed om's ghost (weakling TrBe)
  2139 | D:3      | Found a runed translucent door.
  2154 | D:3      | Killed om's ghost
  2302 | D:3      | Reached *** piety under Trog
  2433 | D:3      | Noticed Terence
  2442 | D:3      | Killed Terence
  2726 | D:4      | Reached skill level 6 in Maces & Flails
  2958 | D:4      | Noticed Robin
  2989 | D:4      | Killed Robin
  2990 | D:4      | Reached XP level 7. HP: 68/68 MP: 6/6
  3160 | D:4      | HP: 3/70 [scorpion (1)]
  3161 | D:4      | HP: 1/70 [poisoned by a scorpion]
  3161 | D:4      | Slain by a gnoll

Illustrated notes

Levels and vault maps discovered:
D:1:      erik_arrival_cave_to_civilisation [erik_arrival_cave_to_temple],
          layout_loops_ring
D:2:      layout_loops_corners, basic_ecumenical_altar, basic_altar,
          uniq_jessica, uniq_sigmund
D:3:      layout_basic, ebering_ghost_sewer_d, uniq_terence
D:4:      layout_loops_ring, kennysheep_minor_cross, cheibrodos_gnoll_hut,
          uniq_robin

Skill      XL: |  1  2  3  4  5  6  7 |
---------------+----------------------+-----
Maces & Flails | 3 5 6 |  6.8
Fighting       | 3 4 |  4.0
Dodging        | 3 |  3.0

Action                   |  1- 3 |  4- 6 |  7- 9 || total
-------------------------+-------+-------+-------++-------
Melee: Mace              |    96 |   226 |    61 ||   383
       Punch             |     1 |     1 |       ||     2
Invok: Berserk           |     2 |     3 |     1 ||     6
       Trog's Hand       |     1 |       |       ||     1
  Use: Scroll            |     1 |     5 |       ||     6
       Potion            |       |       |     2 ||     2
Armor: Animal skin       |    45 |    85 |    22 ||   152
Dodge: Dodged            |    88 |   117 |    44 ||   249
